 Dungeon Crawl Stone Soup version 0.20.1-1-g8b1a95d (webtiles) character file.

44 Romulous the Firebug (level 3, 0/26 HPs)
             Began as a Demigod Fire Elementalist on Oct 9, 2017.
             Succumbed to an adder's poison
             ... on level 2 of the Dungeon.
             The game lasted 00:09:34 (1824 turns).

Romulous the Firebug (Demigod Fire Elementalist)    Turns: 1824, Time: 00:09:35

Health: 0/26       AC:  2    Str: 11    XL:     3   Next: 22%
Magic:  0/9        EV: 13    Int: 21    God:
Gold:   63         SH:  0    Dex: 16    Spells: 5/6 levels left

rFire    . . .     SeeInvis .   d - +2 short sword (elec)
rCold    . . .     Gourm    .   (no shield)
rNeg     . . .     Faith    .   a - +0 robe
rPois    .         Spirit   .   (no helmet)
rElec    .         Reflect  .   (no cloak)
rCorr    .         Harm     .   (no gloves)
MR       .....                  (no boots)
Stlth    ++........             (no amulet)
Regen    0.1/turn               (no ring)
MPRegen  0.2/turn               (no ring)

@: lethally poisoned (0 -> -4)
A: high mp 1
a: no special abilities


You were on level 2 of the Dungeon.
You were very full.

You visited 1 branch of the dungeon, and saw 2 of its levels.

You collected 63 gold pieces.

Inventory:

Hand Weapons
 d - a +2 short sword of electrocution (weapon)
Armour
 a - a +0 robe (worn)
Scrolls
 g - a scroll of identify {unknown}
 h - a scroll of immolation {unknown}
Potions
 e - a potion of haste {unknown}
 j - 2 potions of invisibility {unknown}
 k - 2 potions of flight {unknown}
Books
 b - a book of Flames

   Spells                             Type                      Level
   a - Flame Tongue                   Conjuration/Fire             1
   b - Throw Flame                    Conjuration/Fire             2
   c - Conjure Flame                  Conjuration/Fire             3
   d - Inner Flame                    Hexes/Fire                   3
   e - Sticky Flame                   Conjuration/Fire             4
   f - Fireball                       Conjuration/Fire             5
Comestibles
 f - a chunk of flesh


   Skills:
 + Level 0.1 Fighting
 + Level 2.0 Dodging
 + Level 1.8 Stealth
 + Level 2.3 Spellcasting
 + Level 1.0 Conjurations
 + Level 3.4 Fire Magic


You had 5 spell levels left.
You knew the following spells:

 Your Spells              Type           Power        Failure   Level  Hunger
a - Flame Tongue          Conj/Fire      ##...        6%          1    #......


Dungeon Overview and Level Annotations

Branches:
Dungeon (2/15)


Innate Abilities, Weirdness & Mutations

You have an increased reservoir of magic. (+10% MP)


Message History

Press: ? - help, Shift-Dir - straight line, f/p - dart slug
Aim: a dart slug (almost dead, clinging)
The flame tongue hits the dart slug.
You kill the dart slug!
* * * LOW HITPOINT WARNING * * *
You feel sick.
Things that are here:
a dart slug corpse; an adder corpse
* * * LOW HITPOINT WARNING * * *
You feel sick.
You see here a leopard gecko corpse.
* * * LOW HITPOINT WARNING * * *
You feel sick.
Things that are here:
a dart slug corpse; an adder corpse Butcher a dart slug corpse? [(y)es/(c)hoosy/(n)o/(a)ll/(e)dible/(q)uit/?]
Butcher an adder corpse? [(y)es/(c)hoosy/(n)o/(a)ll/(e)dible/(q)uit/?]
You butcher the dart slug corpse.
You butcher the adder corpse.
You die...

#####....#..
........(..
### ##
..............
.
.8..........#
# 8.8......#.#
## ._.8.......
#. 8.8......#
#. #†## #.
#.@# #. ##.#
#. #.##
#.....####.
#..#
#.....##...
##.#
#.....##.##
#.# ..... #.#
#.# ... #.#
#.# #.# #.#
#.#
####.####.##


There were no monsters in sight!

Vanquished Creatures
  An adder (D:2)
  2 dart slugs
  3 leopard geckos
  2 bats (D:1)
  4 goblins (D:1)
  A hobgoblin (D:1)
  4 jackals (D:1)
  3 kobolds (D:1)
  4 frilled lizards
  4 rats
28 creatures vanquished.

Notes
Turn   | Place    | Note
-------+----------+-------------------------------------------
     0 | D:1      | Romulous the Demigod Fire Elementalist began the quest for the Orb.
     0 | D:1      | Reached XP level 1. HP: 14/14 MP: 5/5
   214 | D:1      | Reached skill level 3 in Fire Magic
   484 | D:1      | Reached XP level 2. HP: 20/20 MP: 5/7
   589 | D:1      | Reached skill level 1 in Conjurations
  1801 | D:2      | Found a faded altar of an unknown god.
  1814 | D:2      | Reached XP level 3. HP: 4/26 MP: 2/9
  1819 | D:2      | HP: 1/26 [poisoned by an adder]
  1824 | D:2      | Succumbed to an adder's poison

Skill      XL: |  1  2 |
---------------+-------+-----
Fire Magic     | 3 |  3.4
Spellcasting   | 2 |  2.3
Conjurations   | 1 |  1.0
Dodging        | 2 |  2.0
Fighting       | |  0.1
Stealth        | |  1.8

Action                   || total
-------------------------++-------
Melee: Short sword       ||    23
 Cast: Flame Tongue      ||    39
 Stab: Sleeping          ||     1
  Eat: Meat ration       ||     1
       Bread ration      ||     1
Armor: Robe              ||     9
Dodge: Dodged            ||    29
